 Dungeon Crawl Stone Soup version 0.30-a0-728-gc68057be0a (webtiles) character file.

Game seed: 8347248258515355785

725 Dittersdorf the Shield-Bearer (level 7, -5/44 HPs)
             Began as a Gargoyle Fighter on Jan 31, 2023.
             Was an Initiate of Okawaru.
             Slain by a hornet (7 damage)
             ... on level 5 of the Dungeon.
             The game lasted 00:06:25 (3698 turns).

Dittersdorf the Shield-Bearer (Gargoyle Fighter)    Turns: 3698, Time: 00:06:25

Health: -5/44      AC: 19    Str: 22    XL:     7   Next: 71%
Magic:  7/7        EV:  7    Int:  8    God:    Okawaru [......]
Gold:   330        SH:  5    Dex:  9    Spells: 6/6 levels left

rFire   . . .      SeeInvis .    a - +0 flail
rCold   . . .      Faith    .    c - +0 buckler
rNeg    + . .      Spirit   .    p - +0 chain mail
rPois   ∞          Reflect  .    s - +2 helmet
rElec   +          Harm     .    (no cloak)
rCorr   .          Rampage  .    u - +0 pair of gloves
Will    .....                    (no boots) Stlth
                                 h - amulet of the acrobat
HPRegen 0.27/turn                b - ring of wizardry
MPRegen 0.10/turn                (no ring)

@: no status effects
A: sickness immunity, AC +4, negative energy resistance 1, electricity
resistance, torment resistance 1, petrification resistance
a: Renounce Religion


You were on level 5 of the Dungeon.
You worshipped Okawaru.
Okawaru was noncommittal.
You visited 2 branches of the dungeon, and saw 6 of its levels.

You collected 330 gold pieces.

Inventory:

Hand Weapons
 a - a +0 flail (weapon)
Missiles
 q - 10 poisoned darts (quivered)
Armour
 c - a +0 buckler (worn)
 p - a +0 chain mail (worn)
 s - a +2 helmet (worn)
 u - a +0 pair of gloves (worn)
 y - a +0 plate armour
Jewellery
 b - a ring of wizardry (left hand)
 h - an amulet of the acrobat (around neck)
Wands
 x - a wand of digging (7)
Scrolls
 e - 8 scrolls of identify {unknown}
 f - 10 scrolls of teleportation {unknown}
 g - 2 scrolls of fear {unknown}
 j - 3 scrolls of vulnerability {unknown}
 k - a scroll of fog {unknown}
 o - a scroll of torment {unknown}
 r - a scroll of brand weapon {unknown}
 v - a scroll of poison {unknown}
 w - a scroll of noise {unknown}
Potions
 d - 2 potions of might
 i - a potion of ambrosia {unknown}
 l - 2 potions of brilliance {unknown}
 m - 2 potions of curing {unknown}
 n - 3 potions of degeneration {unknown}
 t - a potion of mutation {unknown}


   Skills:
 + Level 5.5 Fighting
 + Level 4.5 Maces & Flails
 + Level 5.5 Armour
 + Level 5.5 Shields


You had 6 spell levels left.
You didn't know any spells.
Your spell library contained the following spells:

 Spells                   Type           Power      Damage    Failure   Level
 Slow                     Hex            0%         N/A       83%         1
 Poisonous Vapours        Pois/Air       0%         N/A       92%         2
 Confusing Touch          Hex            0%         N/A       99%         3
 Ignite Poison            Fire/Tmut/Pois 0%         N/A       99%         3
 Kindle Blastsparks       Fire/Tloc/Air  0%         2d10      99%         3
 Mephitic Cloud           Conj/Pois/Air  0%         N/A       99%         3
 Vampiric Draining        Necr           0%         2d6       99%         3
 Freezing Cloud           Conj/Ice/Air   0%         6-21      100%        5
 Cigotuvi's Dreadful Rot  Necr/Pois/Air  Unusable   N/A       N/A         2

Dungeon Overview and Level Annotations

Branches:
Dungeon (5/15)             Temple (1/1) D:4

Altars:
Ashenzari
Fedhas
Gozag
Makhleb
Okawaru
Qazlal
Sif Muna
Uskayaw
Vehumet
Xom
Zin

Annotations:
Temple 2 transporters


Innate Abilities, Weirdness & Mutations

You are immune to sickness and miasma.
Your stone body is resilient. (AC +4)
You are immune to poison.
You resist negative energy. (rN+)
You are resistant to electric shocks. (rElec)
You are resistant to unholy torment.
You are immune to petrification.


Message History

You are too injured to fight recklessly!
You are too injured to fight recklessly!
You are too injured to fight recklessly!
You are too injured to fight recklessly!
You are too injured to fight recklessly!
You are too injured to fight recklessly!
You hit the hornet.
The hornet is heavily wounded.
The hornet closely misses you. You block the hornet's attack.
You hit the hornet.
The hornet is heavily wounded.
The hornet stings you.
The hornet stings you but does no damage.
You barely miss the hornet.
The hornet is heavily wounded.
You block the hornet's attack.
The hornet stings you but does no damage.
You hit the hornet.
The hornet is severely wounded.
You block the hornet's attack. The hornet stings you!
* * * LOW HITPOINT WARNING * * *
You hit the hornet but do no damage.
The hornet is severely wounded.
The hornet stings you but does no damage. x2
You miss the hornet.
The hornet is severely wounded.
The hornet closely misses you.
The hornet stings you but does no damage.
You barely miss the hornet.
The hornet is severely wounded.
The hornet stings you.
* * * LOW HITPOINT WARNING * * *
The hornet misses you.
Throw: 11 darts (poison)
Press: ? - help, Q - select action Shift-Dir - straight line, f - hornet
Aim: a hornet (heavily wounded, 39% to hit)
You throw a poisoned dart.
The poisoned dart barely misses the hornet.
The hornet stings you!
You die...

. .># ... #.#
.!...###########.#
)(....†y@......#)#
..##.#########.#.#
...........#
########.#.########
#...........
###.#######. #.# #.
#.# #. #.# #.


You could see a hornet.

Vanquished Creatures
  A black bear (Temple)
  A centaur (D:5)
  A phantom (D:5)
  A scorpion (D:4)
  An orc priest (D:4)
  Jessica (D:3)
  An iguana (D:4)
  3 orc wizards
  Robin (D:2)
  5 gnolls
  7 adders
  An ufetubus (D:5)
  4 worms
  12 orcs
  7 endoplasms
  7 giant cockroaches
  18 goblins
  10 hobgoblins
  3 jackals (D:2)
  9 kobolds
  4 quokkas
  12 ball pythons
  5 bats (D:1)
  6 frilled lizards
  11 rats
132 creatures vanquished.

Notes
Turn   | Place    | Note
-------+----------+-------------------------------------------
     0 | D:1      | Dittersdorf the Gargoyle Fighter began the quest for the
                  | Orb.
     0 | D:1      | Reached XP level 1. HP: 14/14 MP: 1/1
     8 | D:1      | You fall into a shaft and drop 1 floor!
     9 | D:2      | yay!
    79 | D:1      | Reached XP level 2. HP: 18/19 MP: 2/2
   431 | D:1      | Reached XP level 3. HP: 23/23 MP: 3/3
   742 | D:2      | Reached XP level 4. HP: 28/29 MP: 4/4
  1305 | D:3      | Noticed Jessica
  1323 | D:3      | Killed Jessica
  1393 | D:3      | Noticed Robin
  1404 | D:2      | Killed Robin
  1405 | D:2      | Reached XP level 5. HP: 33/33 MP: 5/5
  2246 | D:4      | Reached XP level 6. HP: 39/39 MP: 6/6
  2624 | D:4      | Found a staircase to the Ecumenical Temple.
  2629 | D:4      | Noticed a black bear
  2634 | Temple   | Entered the Ecumenical Temple
  2634 | Temple   | Found a transporter.
  2634 | Temple   | Found a transporter.
  2642 | Temple   | Killed a black bear
  2643 | Temple   | Reached skill level 5 in Fighting
  2643 | Temple   | Reached skill level 5 in Armour
  2643 | Temple   | Reached skill level 5 in Shields
  2643 | Temple   | Reached XP level 7. HP: 40/44 MP: 7/7
  2657 | Temple   | Found a transporter.
  2657 | Temple   | Found a transporter.
  2668 | Temple   | Became a worshipper of Warmaster Okawaru
  2848 | D:4      | Found a burning altar of Makhleb.
  3037 | D:5      | Entered Level 5 of the Dungeon
  3276 | D:5      | Found a glowing silver altar of Zin.
  3276 | D:5      | Noticed an angel
  3675 | D:5      | Noticed a hornet
  3696 | D:5      | HP: 1/44 [hornet (6)]
  3698 | D:5      | Slain by a hornet

Illustrated notes

.. . .###
..# ###...
#..#.# #
#....#.#
#...@..#
#...#####.#
# +


Turn 9 on D:2: yay!

Levels and vault maps discovered:
D:1:      psy_arrival_statuary, layout_rooms, kennysheep_decorative_pillar,
          minmay_pentomino_s4
D:2:      layout_basic, st_stairs_11, minmay_fractal_squares_5
D:3:      minmay_bubble_buster, layout_basic, minmay_pentangle, uniq_robin,
          uniq_jessica
D:4:      kennysheep_big_flooded_room, layout_rooms, bloody_makhleb,
          minmay_temple_entry_antechambers
D:5:      layout_basic, zin_angel, bh_walls_and_bars
Temple:   hellmonk_temple_divided_pantheon

Skill      XL: |  1  2  3  4  5  6 |
---------------+-------------------+-----
Armour         | 4 5 |  5.5
Fighting       | 4 5 |  5.5
Maces & Flails | 3 4 |  4.5
Shields        | 4 5 |  5.5

Action                     |  1- 3 |  4- 6 |  7- 9 || total
---------------------------+-------+-------+-------++-------
  Melee: Flail             |   150 |   248 |   116 ||   514
  Throw: Dart              |       |       |     1 ||     1
 Armour: Scale mail        |   103 |   109 |       ||   212
         Chain mail        |       |    45 |    79 ||   124
  Dodge: Dodged            |   108 |   140 |    49 ||   297
  Block: Buckler           |    32 |    68 |    30 ||   130

Table legend: (Time is in decaauts)
 A = Elapsed time spent in this place.
 B = Non-inter-level travel time spent in this place.
 C = Inter-level travel time spent in this place.
 D = Time resting spent in this place.
 E = Time spent auto-exploring this place.
 F = Levels seen in this place.
 G = Mean time per level.
                   A        B        C        D        E       F      G
               +--------+--------+--------+--------+--------+-----+--------+
         Total |   3846 |   3676 |    170 |    193 |   2395 |   6 |  641.0 |
       Dungeon |   3793 |   3623 |    170 |    180 |   2395 |   5 |  758.6 |
        Temple |     52 |     52 |      0 |     13 |      0 |   1 |   52.0 |
               +--------+--------+--------+--------+--------+-----+--------+

Top non-repeatable levels by time:
     D:3: 944 daAuts
     D:4: 848 daAuts
     D:2: 761 daAuts
     D:1: 635 daAuts
     D:5: 604 daAuts
  Temple: 52 daAuts
